 Dungeon Crawl Stone Soup version 0.17-a0-2208-ge5ab1d3 (webtiles) character file.

91 fredomojojo the Covered (level 4, -2/40 HPs)
             Began as a Hill Orc Fighter on Oct 25, 2015.
             Slain by Sigmund
             ... wielding a +0 scythe
              (4 damage)
             ... on level 3 of the Dungeon on Oct 26, 2015.
             The game lasted 00:41:18 (1800 turns).

fredomojojo the Covered (Hill Orc Fighter)          Turns: 1800, Time: 00:41:18

Health: -2/40      AC:  8    Str: 19      XL:     4   Next: 57%
Magic:  4/4        EV: 12    Int:  8      God:
Gold:   64         SH: 10    Dex: 12 (15) Spells: 0 memorised, 3 levels left

rFire  . . .     SeeInvis .     i - +0 spear (curse)
rCold  . . .     Clarity  .     b - +0 scale mail
rNeg   . . .     SustAt   .     c - +1 shield
rPois  .         Gourm    .     (no helmet)
rElec  .         Spirit   .     (no cloak)
rCorr  .         Warding  .     u - +0 pair of gloves
rMut   .         Stasis   .     (no boots)
MR     .....                    (no amulet)
Stlth  +.........               (no ring)
                                (no ring)

@: agile, not resistant to hostile enchantments, very unstealthy
A: no striking features
a: no special abilities


You were on level 3 of the Dungeon.
You were not hungry.

You visited 1 branch of the dungeon, and saw 3 of its levels.

You collected 64 gold pieces.

Inventory:

Hand Weapons
 a - a +0 trident
 e - a cursed -2 rapier
 h - a +0 hunting sling of freezing
 i - a cursed +0 spear (weapon)
Missiles
 f - 74 stones (quivered)
 l - 34 sling bullets
Armour
 b - a +0 scale mail (worn)
 c - a +1 shield (worn)
 u - a +0 pair of gloves (worn)
Scrolls
 g - a scroll of magic mapping
Potions
 d - a potion of might
 q - 2 potions of heal wounds
 r - a potion of beneficial mutation {unknown}
Comestibles
 j - a beef jerky
 v - 2 meat rations


   Skills:
 + Level 4.1 Fighting
 + Level 2.5 Polearms
 + Level 4.1 Armour
 + Level 1.1 Dodging
 + Level 4.1 Shields


You had 3 spell levels left.
You didn't know any spells.

Dungeon Overview and Level Annotations

Branches:
Dungeon (3/15)

Altars:
Kikubaaqudgha
Yredelemnul

Annotations:
D:3 Sigmund


Message History

You miss something. Something hits you but does no damage. Something hits you!
Something barely misses you.
You feel less confused.
Your shield and scale mail prevent you from hitting something.
Something hits you.
* * * LOW HITPOINT WARNING * * *
You miss something. Something hits you.
* * * LOW HITPOINT WARNING * * *
You hit something but do no damage. You hit something.
Something hits you but does no damage.
You hit something.
You hear some strange, mumbled words.
A magic dart appears from out of thin air!
The magic dart hits you!
* * * LOW HITPOINT WARNING * * *
You closely miss something. You block its attack.
You hit something. You closely miss something. Something hits you.
You die...

.....####..........#
........+..........#
(.......#..........#
..(...^.#..........#
........#..........#
#....#..........#
#.#....#..........#
........'..........#
##.######...{@.....###
............#####......
#..#####....#####.#####.#
....:.................>#
..#####...)#####.######
#....# #.# ##....# #.#
...........# #.#
..######...# #.#


There were no monsters in sight!

Vanquished Creatures
  A giant frog skeleton (D:3)
  An adder (D:2)
  An ooze (D:2)
  2 orcs (D:3)
  3 goblins
  4 hobgoblins
  4 kobolds
  7 bats
  6 giant cockroaches
  6 giant newts
  13 rats
  4 rat zombies (D:3)
52 creatures vanquished.

Notes
Turn   | Place    | Note
--------------------------------------------------------------
     0 | D:1      | fredomojojo the Hill Orc Fighter began the quest for the Orb.
     0 | D:1      | Reached XP level 1. HP: 19/19 MP: 1/1
   389 | D:1      | Reached XP level 2. HP: 27/27 MP: 2/2
   737 | D:2      | Reached XP level 3. HP: 31/33 MP: 3/3
  1143 | D:2      | Found a basalt altar of Yredelemnul.
  1399 | D:2      | Reached skill level 4 in Shields
  1646 | D:3      | Found an ancient bone altar of Kikubaaqudgha.
  1676 | D:3      | Reached XP level 4. HP: 40/40 MP: 4/4
  1703 | D:3      | Reached skill level 1 in Dodging
  1726 | D:3      | Upgraded the game from 0.17-a0-2171-ga91b4ec to 0.17-a0-2208-ge5ab1d3
  1759 | D:3      | Noticed Sigmund
  1797 | D:3      | HP: 2/40 [something/magic dart (7)]
  1800 | D:3      | Slain by Sigmund

Vault maps used:
D:1:      elethiomel_arrival_infinity_welcomes_careful_drivers
D:2:      yredelemnul_altar_generic
D:3:      minmay_overflow_temple_star_quad, lemuel_zombie_altar_kikubaaqudgha,
          uniq_sigmund

Action                   |  1- 3 |  4- 6 || total
-------------------------+-------+-------++-------
Melee: Spear             |   197 |    45 ||   242
       Trident           |     3 |       ||     3
Throw: Stone             |     3 |     3 ||     6
  Use: Scroll            |     6 |       ||     6
       Potion            |       |     4 ||     4
  Eat: Chunk             |     2 |       ||     2
       Bread ration      |     1 |       ||     1
